 Dungeon Crawl Stone Soup version 0.29-a0-1009-g60c99734e7 (webtiles) character file.

Game seed: 1603833733928825154

13748 siradein the Geomancer (level 11, -5/83 HPs)
             Began as a Demonspawn Earth Elementalist on Aug 8, 2022.
             Was a Follower of Sif Muna.
             Slain by Joseph
             ... wielding a +1 quarterstaff of distortion
              (15 damage)
             ... on level 1 of the Lair of Beasts.
             The game lasted 00:32:49 (15709 turns).

siradein the Geomancer (DsEE)                      Turns: 15709, Time: 00:32:50

Health: -5/83      AC: 13    Str: 14    XL:     11   Next: 79%
Magic:  23/23      EV: 14    Int: 22    God:    Sif Muna [*.....]
Gold:   671        SH:  4    Dex: 13    Spells: 10/27 levels left

rFire   + + +      SeeInvis +     - Unarmed
rCold   . . .      Faith    .   (no shield)
rNeg    . . .      Spirit   .   E - +0 leather armour of the Boiling Point {rF+++}
rPois   .          Reflect  .   R - +2 helmet {SInv}
rElec   .          Harm     .   K - +2 cloak
rCorr   .          Rampage  .   (gloves unavailable)
Will    .....                   j - +0 pair of boots
Stlth   ++........              v - amulet of the acrobat
HPRegen 0.23/turn               a - +6 ring of strength
MPRegen 0.18/turn               m - ring of wizardry

@: channelling
A: claws 3, slimy green scales 2, spiny 2, condensation shield
a: Renounce Religion, Channel Magic


You were on level 1 of the Lair of Beasts.
You worshipped Sif Muna.
Sif Muna was aware of your devotion.
You visited 3 branches of the dungeon, and saw 13 of its levels.
You also visited: Ossuary.

You collected 671 gold pieces.

Inventory:

Missiles
 O - a throwing net
Armour
 j - a +0 pair of boots (worn)
 E - the +0 leather armour of the Boiling Point (worn) {rF+++}
   (You found it on level 6 of the Dungeon)

   rF:        It renders you almost immune to fire.
 K - a +2 cloak (worn)
 R - a +2 helmet of see invisible (worn)
Jewellery
 a - a +6 ring of strength (left claw)
 c - a +6 ring of strength
 g - a ring of protection from fire
 m - a ring of wizardry (right claw)
 v - an amulet of the acrobat (around neck)
 C - a ring of see invisible
 G - a ring of protection from cold
 Q - an amulet of faith
Wands
 o - a wand of mindburst (9)
 s - a wand of roots (5)
 I - a wand of flame (27)
 N - a wand of acid (8)
Scrolls
 d - a scroll of amnesia {unknown}
 f - 4 scrolls of poison {unknown}
 k - 2 scrolls of enchant weapon
 q - 3 scrolls of teleportation
 r - 2 scrolls of magic mapping
 u - 3 scrolls of immolation
 w - 2 scrolls of fear
 y - 2 scrolls of summoning
 z - 5 scrolls of fog
 B - a scroll of blinking
 D - a scroll of identify
 J - a scroll of brand weapon {unknown}
 M - 2 scrolls of torment {unknown}
Potions
 b - 4 potions of magic
 e - 13 potions of curing
 h - 4 potions of berserk rage
 i - 7 potions of heal wounds
 l - 3 potions of brilliance
 n - 3 potions of degeneration {unknown}
 p - 3 potions of lignification {unknown}
 t - 3 potions of might {unknown}
 x - 4 potions of flight {unknown}
 A - a potion of haste
 F - a potion of mutation {unknown}
 H - a potion of attraction {unknown}
 L - 6 potions of ambrosia {unknown}


   Skills:
 + Level 6.9 Fighting
 + Level 6.6 Dodging
 - Level 1.7 Stealth
 + Level 6.0 Unarmed Combat
 + Level 8.6 Spellcasting
 + Level 7.1 Conjurations
 - Level 0.8 Transmutations
 + Level 8.8 Earth Magic
 + Level 4.2 Invocations


You had 10 spell levels left.
You knew the following spells:

 Your Spells              Type           Power      Damage    Failure   Level
a - Stone Arrow           Conj/Erth      88%        3d12      1%          3
b - Iskenderun's Battles  Conj           40%        2d9       5%          5
c - Passwall              Tmut/Erth      25%        N/A       1%          2
d - Sandblast             Erth           96%        2d20      1%          1
e - Iron Shot             Conj/Erth      22%        9d5       21%         6

Your spell library contained the following spells:

 Spells                   Type           Power      Damage    Failure   Level
 Apportation              Tloc           18%        N/A       3%          1
 Necrotise                Necr           36%        1d5       3%          1
 Summon Small Mammal      Summ           36%        N/A       3%          1
 Petrify                  Tmut/Erth      30%        N/A       4%          4
 Call Canine Familiar     Summ           9%         N/A       11%         3
 Gell's Gravitas          Tloc           9%         N/A       11%         3
 Summon Guardian Golem    Hex/Summ       9%         N/A       11%         3
 Teleport Other           Tloc           9%         N/A       11%         3
 Dispersal                Tloc           4%         N/A       99%         6
 Spellforged Servitor     Conj/Summ      12%        N/A       99%         7


Dungeon Overview and Level Annotations

Branches:
Dungeon (11/15)            Temple (1/1) D:5            Lair (1/5) D:10
    Orc (0/2) D:10        Ossuary (visited)

Altars:
Ashenzari
Cheibriados
Dithmenos
Fedhas
Gozag
Hepliaklqana
Kikubaaqudgha
Makhleb
Nemelex Xobeh
Okawaru
Qazlal
Ru
Sif Muna
Trog
Uskayaw
Vehumet
Wu Jian
Xom
Yredelemnul

Annotations:
D:8 3 runed translucent doors, drpainis's ghost, novice MiFi
D:9 3 runed translucent doors, bchevrier's ghost, novice DjGl
D:11 Lodul
Lair:1 Joseph


Innate Abilities, Weirdness & Mutations

You have claws for hands.
You are mostly covered in slimy green scales. (AC +3)
You are mostly covered in sharp spines.
A meltable shield of frost defends you. (SH +4)


Message History

The stone arrow hits the cane toad!
You kill the cane toad!
Sif Muna accepts your kill.
Casting: Stone Arrow (safe; 1% risk of failure)
Confirm with . or Enter, or press ? or * to list all spells.
You conjure a globe of magical energy.
Joseph shouts, "I love to fight!
I love killing!"
Joseph zaps a wand.
The bolt of acid hits you!
* * * LOW HITPOINT WARNING * * *
Unknown command.
Casting: Iskenderun's Battlesphere (dangerous; 5% risk of failure)
Confirm with . or Enter, or press ? or * to list all spells.
Aiming: Stone Arrow (safe; 1% risk of failure)
Press: ? - help, Shift-Dir - straight line, f - Joseph
Aim: Joseph, wielding a +1 quarterstaff of distortion, wearing a +0 leather armour and carrying a wand of acid (5) (lightly wounded, 76% to hit)
The stone arrow hits Joseph!
Joseph is moderately wounded.
Your battlesphere fires!
The barrage of energy hits Joseph.
Joseph is moderately wounded.
Joseph hits you with a +1 quarterstaff of distortion!
* * * LOW HITPOINT WARNING * * *
Space warps around you.
* * * LOW HITPOINT WARNING * * *
Unknown command.
Casting: Stone Arrow (safe; 1% risk of failure)
Confirm with . or Enter, or press ? or * to list all spells.
Aiming: Stone Arrow (safe; 1% risk of failure)
Press: ? - help, Shift-Dir - straight line, f/p - Joseph
Aim: Joseph, wielding a +1 quarterstaff of distortion, wearing a +0 leather armour and carrying a wand of acid (5) (moderately wounded, ally target, 76% to hit)
The stone arrow hits Joseph!!
Joseph is severely wounded.
Your battlesphere fires!
The barrage of energy hits Joseph.
Joseph is severely wounded.
Joseph is struck by your spines.
Joseph hits you with a +1 quarterstaff of distortion.
* * * LOW HITPOINT WARNING * * *
Space warps horribly around you!
You die...

# ### ##. .### ##.# #.# ....
#..# #..# #### ##.# .... ...
##.#####..####..# .....
..####...#.##......§###.....
P.#.#.........##.##@........
......####....####.†.#......
.##..## ##......###........
####...# #.....@#.#..#.... #
#..## #..###..@.......... #
#...# ##.# ###........... #
#....# #.. #...#.......
##........... ....*...#..Y.
.#........ #.......###...
......... ###.....# #..
#......... ##.#..# P.
........... #....#


You could see Joseph (ally target) and a friendly battlesphere.

Vanquished Creatures
  A boulder beetle (D:10)
  A two-headed ogre (D:9)
  A death yak (Lair:1)
  Maurice (D:8)
  4 gargoyles
  2 cane toads (Lair:1)
  2 trolls
  A polar bear (Lair:1)
  Sigmund (D:3)
  A wraith (D:7)
  2 vampires
  2 wyverns (D:9)
  4 yaks (Lair:1)
  A steam dragon (D:10)
  Grum (D:9)
  8 vampire mosquitoes
  A basilisk (D:11)
  2 acid dragons
  7 water moccasins
  6 orc warriors
  A sky beast (D:7)
  2 ogres
  4 black bears
  8 centaurs
  2 wolves (D:9)
  10 bullfrogs
  2 kobold brigands
  4 gnoll sergeants
  A wyvern zombie (Ossuary)
  3 scorpions
  A water moccasin zombie (Ossuary)
  10 killer bees
  3 howler monkeys
  4 bullfrog zombies (Ossuary)
  6 centaur zombies (Ossuary)
  6 orc priests
  2 jellies
  2 gnoll boudas
  4 iguanas
  Ijyb (D:5)
  10 orc wizards
  A killer bee zombie (Ossuary)
  14 mummies (Ossuary)
  2 howler monkey zombies (Ossuary)
  22 gnolls
  6 adders
  A white imp (D:7)
  An ufetubus (D:7)
  2 worms
  2 dart slugs
  40 orcs
  8 ball pythons
  5 endoplasms
  10 giant cockroaches
  6 goblins
  10 hobgoblins
  6 jackals
  4 quokkas
  7 bats
  5 frilled lizards
  19 kobolds
  4 rats
310 creatures vanquished.

Vanquished Creatures (others)
  68 fungi
  47 plants
  8 withered plants (Ossuary)
123 creatures vanquished.

Grand Total: 433 creatures vanquished

Notes
Turn   | Place    | Note
-------+----------+-------------------------------------------
     0 | D:1      | siradein the Demonspawn Earth Elementalist began the quest
                  | for the Orb.
     0 | D:1      | Reached XP level 1. HP: 13/13 MP: 3/3
    75 | D:1      | Gained mutation: You are partially covered in slimy green
                  | scales. (AC +2) [demonic ancestry]
    75 | D:1      | Reached XP level 2. HP: 19/19 MP: 1/5
   401 | D:1      | Gained mutation: You are partially covered in sharp spines.
                  | [demonic ancestry]
   401 | D:1      | Reached XP level 3. HP: 24/24 MP: 1/7
   933 | D:2      | Learned a level 3 spell: Stone Arrow
  1060 | D:2      | Gained mutation: You are mostly covered in sharp spines.
                  | [demonic ancestry]
  1060 | D:2      | Reached XP level 4. HP: 30/30 MP: 6/8
  1322 | D:2      | Reached skill level 1 in Conjurations
  1646 | D:2      | Learned a level 2 spell: Passwall
  1693 | D:3      | Noticed Sigmund
  1707 | D:3      | Killed Sigmund
  1708 | D:3      | Gained mutation: You have sharp fingernails. [demonic
                  | ancestry]
  1708 | D:3      | Reached XP level 5. HP: 22/35 MP: 3/10
  2468 | D:3      | Found a shadowy altar of Dithmenos.
  2601 | D:3      | Gained mutation: You have very sharp fingernails. [demonic
                  | ancestry]
  2601 | D:3      | Reached XP level 6. HP: 41/41 MP: 1/11
  2872 | D:4      | Found a sand-covered staircase.
  2884 | Ossuary  | Entered an ossuary
  3190 | Ossuary  | Gained mutation: A meltable shield of frost defends you.
                  | (SH +4) [demonic ancestry]
  3190 | Ossuary  | Reached XP level 7. HP: 30/46 MP: 3/13
  3198 | Ossuary  | Reached skill level 5 in Earth Magic
  3281 | Ossuary  | HP: 2/46 [bullfrog zombie (2)]
  3378 | Ossuary  | Reached skill level 5 in Spellcasting
  3759 | Ossuary  | Gained mutation: You have claws for hands. [demonic
                  | ancestry]
  3759 | Ossuary  | Reached XP level 8. HP: 52/52 MP: 6/16
  4293 | D:4      | Reached skill level 5 in Conjurations
  4614 | D:5      | Entered Level 5 of the Dungeon
  5048 | D:5      | Found a staircase to the Ecumenical Temple.
  5072 | Temple   | Entered the Ecumenical Temple
  5297 | D:5      | Reached skill level 1 in Fighting
  5429 | D:5      | Found an iron altar of Okawaru.
  5569 | D:5      | Noticed Ijyb
  5575 | D:5      | Killed Ijyb
  5798 | D:6      | Identified the +0 leather armour of the Boiling Point
                  | {rF+++}
  6178 | D:6      | Reached skill level 1 in Unarmed Combat
  6832 | D:6      | Found an ornate altar of the Wu Jian Council.
  7091 | D:6      | Gained mutation: You are mostly covered in slimy green
                  | scales. (AC +3) [demonic ancestry]
  7091 | D:6      | Reached XP level 9. HP: 53/62 MP: 8/18
  8180 | D:7      | Noticed a gargoyle
  8285 | D:7      | Killed a gargoyle
  8651 | D:7      | Noticed a troll
  8651 | D:7      | Noticed a gargoyle
  8825 | D:7      | Killed a troll
  8829 | D:7      | Reached XP level 10. HP: 67/73 MP: 2/20
  8886 | D:7      | Killed a gargoyle
  9695 | D:8      | Reached skill level 5 in Dodging
  9700 | D:8      | Reached skill level 5 in Fighting
 10161 | D:8      | Noticed Maurice
 10164 | D:8      | Killed Maurice
 10483 | D:8      | Found a runed translucent gate.
 10483 | D:8      | Found a runed translucent gate.
 10483 | D:8      | Found a runed translucent gate.
 10485 | D:8      | Found an opulent altar of Gozag.
 10497 | D:8      | Noticed a death knight
 10497 | D:8      | Noticed drpainis's ghost (novice MiFi)
 10653 | D:9      | Found a runed translucent gate.
 10653 | D:9      | Found a runed translucent gate.
 10653 | D:9      | Found a runed translucent gate.
 10753 | D:9      | Noticed a ten-headed hydra
 10755 | D:9      | Noticed bchevrier's ghost (novice DjGl)
 10935 | D:9      | Noticed a two-headed ogre
 11000 | D:9      | Killed a two-headed ogre
 11130 | D:9      | Found a hazy altar of Hepliaklqana.
 11140 | D:9      | Found a shimmering blue altar of Sif Muna.
 11208 | D:9      | Became a worshipper of Sif Muna the Loreminder
 11614 | D:9      | Noticed Grum
 11621 | D:9      | Killed Grum
 11626 | D:9      | Reached skill level 5 in Unarmed Combat
 12165 | D:9      | Learned a level 5 spell: Iskenderun's Battlesphere
 12182 | D:10     | Entered Level 10 of the Dungeon
 12503 | D:9      | Reached XP level 11. HP: 72/81 MP: 3/23
 12616 | D:9      | Reached * piety under Sif Muna
 12619 | D:9      | Reached skill level 1 in Invocations
 12738 | D:10     | Found a staircase to the Lair.
 13051 | D:10     | Found a staircase to the Orcish Mines.
 13342 | D:11     | Noticed a boulder beetle
 13376 | D:10     | Killed a boulder beetle
 13623 | D:11     | Noticed a boulder beetle
 14023 | D:10     | Learned a level 6 spell: Iron Shot
 14122 | D:11     | Noticed a boulder beetle
 14604 | D:11     | Reached ** piety under Sif Muna
 14769 | D:11     | Noticed Lodul
 14814 | Lair:1   | Entered Level 1 of the Lair of Beasts
 15226 | Lair:1   | Noticed a death yak
 15226 | Lair:1   | Noticed a death yak
 15227 | Lair:1   | Noticed a death yak
 15229 | Lair:1   | Noticed a death yak
 15232 | Lair:1   | Killed a death yak
 15677 | Lair:1   | Noticed Joseph
 15709 | Lair:1   | Slain by Joseph

Illustrated notes

Levels and vault maps discovered:
D:1:      dpeg_arrival_rhombus, layout_loops_ring, glass_columns_b,
          hangedman_decor_clover_reticule
D:2:      layout_rooms, moated_statue, st_stairs_12
D:3:      layout_loops_corners, nicolae_dithmenos_through_a_glass_darkly,
          uniq_sigmund
D:4:      layout_rooms, enter_ossuary_1
D:5:      layout_basic, mainiacjoe_overflow_two_lobes,
          minmay_temple_entry_enclosed_plants, uniq_ijyb
D:6:      layout_cave_pods, nzn_wu_jian_council_hall, patterned_corridor
D:7:      minmay_slanted_spiral_squares, layout_cave_pools
D:8:      layout_loops_ring, ebering_ghost_gozag, uniq_maurice
D:9:      layout_long_grid, amethyst_overflow_temple_binary,
          gammafunk_ghost_hydra_chop, uniq_grum
D:10:     layout_roguey, due_lair_maze_entry_diamond,
          chequers_serial_rivers_micro_c
D:11:     layout_big_octagon, uniq_lodul
Temple:   eino_temple_scatter_basement
Lair:1:   layout_layer_cave, wad_woods_road_05, uniq_joseph

Skill      XL: |  1  2  3  4  5  6  7  8  9 10 11 |
---------------+----------------------------------+-----
Earth Magic    | 3 4 5 6 7 8 |  8.8
Spellcasting   | 3 4 5 6 7 8 |  8.6
Conjurations   | 2 3 4 5 6 7 |  7.1
Dodging        | 3 4 5 6 |  6.6
Fighting       | 2 4 5 6 |  6.9
Unarmed Combat | 1 3 5 6 |  6.0
Invocations    | 4 |  4.2
Stealth        | |  1.7
Transmutations | |  0.8

Action                   |  1- 3 |  4- 6 |  7- 9 | 10-12 || total
-------------------------+-------+-------+-------+-------++-------
Melee: Unarmed           |    11 |       |    33 |    90 ||   134
       Quarterstaff      |    13 |     1 |       |       ||    14
       Halberd           |       |    19 |    49 |       ||    68
       Punch             |       |       |       |     7 ||     7
 Cast: Sandblast         |    39 |    24 |       |       ||    63
       Stone Arrow       |       |    28 |   140 |   165 ||   333
       Iskenderun's Batt |       |       |       |    20 ||    20
Invok: Channel Magic     |       |       |       |     3 ||     3
Evoke: Wand              |       |       |       |     2 ||     2
  Use: Scroll            |       |       |    12 |     7 ||    19
       Potion            |       |       |       |     2 ||     2
 Stab: Sleeping          |     2 |       |       |       ||     2
       Distracted        |       |       |     1 |       ||     1
Armor: Robe              |    13 |    11 |    27 |       ||    51
       Leather armour    |       |       |     8 |    51 ||    59
Dodge: Dodged            |    24 |    11 |    59 |   121 ||   215
Block: Other             |       |       |    22 |    39 ||    61

Table legend: (Time is in decaauts)
 A = Elapsed time spent in this place.
 B = Non-inter-level travel time spent in this place.
 C = Inter-level travel time spent in this place.
 D = Time resting spent in this place.
 E = Time spent auto-exploring this place.
 F = Levels seen in this place.
 G = Mean time per level.
                   A        B        C        D        E       F      G
               +--------+--------+--------+--------+--------+-----+--------+
         Total |  15823 |  15237 |    586 |   1699 |  11640 |  14 | 1130.2 |
       Dungeon |  13643 |  13065 |    578 |   1175 |  10326 |  11 | 1240.3 |
        Temple |    173 |    166 |      7 |      0 |    150 |   1 |  173.0 |
          Lair |    892 |    892 |      0 |      2 |    782 |   1 |  892.0 |
       Ossuary |   1114 |   1114 |      0 |    522 |    382 |   1 | 1114.0 |
               +--------+--------+--------+--------+--------+-----+--------+

Top non-repeatable levels by time:
    D:10: 2065 daAuts
     D:9: 1955 daAuts
     D:7: 1873 daAuts
     D:6: 1787 daAuts
     D:3: 1188 daAuts
     D:8: 1179 daAuts
 Ossuary: 1114 daAuts
     D:5: 1003 daAuts
     D:1: 958 daAuts
  Lair:1: 892 daAuts
     D:2: 767 daAuts
     D:4: 695 daAuts
  Temple: 173 daAuts
    D:11: 170 daAuts
